 Dungeon Crawl Stone Soup version 0.27.0-1-g7a08968 (webtiles) character file.

Game seed: 13846243894113501856

14 Nithhogg the Skirmisher (level 2, -1/27 HPs)
             Began as a Hill Orc Fighter on Aug 3, 2021.
             Slain by a ball python (3 damage)
             ... on level 1 of the Dungeon.
             The game lasted 00:01:41 (350 turns).

Nithhogg the Skirmisher (Hill Orc Fighter)           Turns: 350, Time: 00:01:42

Health: -1/27      AC:  6    Str: 18    XL:     2   Next: 45%
Magic:  2/2        EV:  9    Int:  8    God:
Gold:   7          SH:  0    Dex: 10    Spells: 1/1 levels left

rFire    . . .     SeeInvis .   a - +0 war axe
rCold    . . .     Faith    .   (no shield)
rNeg     . . .     Spirit   .   b - +0 scale mail
rPois    .         Reflect  .   (no helmet)
rElec    .         Harm     .   (no cloak)
rCorr    .         Rampage  .   (no gloves)
Will     .....                  (no boots)
Stlth    ..........             (no amulet)
HPRegen  0.09/turn              (no ring)
MPRegen  0.08/turn              (no ring)

@: very slightly contaminated, invisible
A: no striking features
a: no special abilities


You were on level 1 of the Dungeon.
You visited 1 branch of the dungeon, and saw 1 of its levels.

You collected 7 gold pieces.

Inventory:

Hand Weapons
 a - a +0 war axe (weapon)
Armour
 b - a +0 scale mail (worn)
 c - a +0 kite shield
Potions
 d - a potion of might


   Skills:
 + Level 3.9 Fighting
 + Level 3.2 Axes
 + Level 3.6 Armour
 - Level 3.2 Shields


You had one spell level left.
You didn't know any spells.
Your spell library was empty.

Dungeon Overview and Level Annotations

Branches:
Dungeon (1/15)

Altars:

Shops:
D:1 *


Message History

You barely miss the goblin.
The goblin is heavily wounded.
The goblin hits you but does no damage.
You barely miss the goblin.
The goblin is heavily wounded.
The goblin hits you with a +0 club.
* * * LOW HITPOINT WARNING * * *
The goblin misses you.
You closely miss the goblin.
The goblin is heavily wounded.
The goblin hits you with a +0 club.
* * * LOW HITPOINT WARNING * * *
It was a potion of invisibility.
You fade into invisibility!
The goblin hits you with a +0 club.
* * * LOW HITPOINT WARNING * * *
The kobold throws a stone.
The stone hits the goblin.
You are very lightly contaminated with residual magic.
The kobold throws a stone.
The stone hits the goblin.
The goblin dies!
A frilled lizard comes into view.
The frilled lizard hisses angrily.
Found 7 gold pieces and a fizzy brown potion.
A kobold comes into view. It is wielding a +0 short sword.
The frilled lizard hisses angrily.
The kobold shouts!
The ball python barely misses you. The ball python barely misses you.
Things that are here:
a rat corpse; a jackal skeleton The ball python bites you but does no damage.
The kobold throws a stone.
The stone hits the ball python.
The ball python barely misses you.
Found 13 gold pieces.
Your scale mail prevents you from hitting the ball python.
The ball python bites you but does no damage.
The ball python bites you.
* * * LOW HITPOINT WARNING * * *
You barely miss the ball python. The ball python closely misses you.
You closely miss the ball python. The ball python bites you.
You die...

##.#.## # #. ...
............. ##.#.# #.
....... ... #....##.#
##.#.## #.##..... ...
#....##.. #.####
#...........# #....K...
.## #.......#.#.#
#.##.##.. ##
#............ #.##.# #
#..#.##.#.#.#######.##.#
##
#.....S..$.............#
.##
#..#.##@#.#.#####....))#
#.##
#....####.#.##.(K...##†#
##.####
#.........#.##......#...
##.#.##
#..#.######.##......##.#
##.#.#
#......÷.K..............
##.#.##
#....#####...####.#.#...
##.####
#..#.#####...####.#.##.#
#.##
#..)÷...###.#)..#.......
.##
#..#....###.#...#...##.#


You could see a ball python.

Vanquished Creatures
  A bat (D:1)
  An endoplasm (D:1)
  A hobgoblin (D:1)
  5 jackals (D:1)
  A goblin (D:1)
  2 kobolds (D:1)
  A rat (D:1)
12 creatures vanquished.

Vanquished Creatures (others)
  A goblin (D:1)
1 creature vanquished.

Grand Total: 13 creatures vanquished

Notes
Turn   | Place    | Note
-------+----------+-------------------------------------------
     0 | D:1      | Nithhogg the Hill Orc Fighter began the quest for the Orb.
     0 | D:1      | Reached XP level 1. HP: 19/19 MP: 1/1
    67 | D:1      | Found Magauh's General Store.
   159 | D:1      | Reached XP level 2. HP: 16/27 MP: 2/2
   317 | D:1      | HP: 1/27 [goblin (3)]
   350 | D:1      | Slain by a ball python

Illustrated notes

Levels and vault maps discovered:
D:1:      nagdon_arrival_zigzag_paths, layout_basic, serial_shops,
          nicolae_shop_trees

Skill      XL: |  1 |
---------------+----+-----
Axes           | 3 |  3.2
Fighting       | |  3.9
Armour         | |  3.6
Shields        | |  3.2

Action                   || total
-------------------------++-------
Melee: War axe           ||    44
  Use: Potion            ||     1
Armor: Scale mail        ||    22
Dodge: Dodged            ||    29
Block: Kite shield       ||    12
